 Dungeon Crawl Stone Soup version 0.32-a0-673-g3729bd50f8 (webtiles) character file.

Game seed: 2723015180619712795

10 Esekla the Grave Robber (level 2, 0/33 HPs)
             Began as a Mountain Dwarf Necromancer on Mar 10, 2024.
             Killed from afar by an orc wizard (6 damage)
             ... with a puff of flame
             ... on level 1 of the Dungeon.
             The game lasted 00:04:17 (869 turns).

Esekla the Grave Robber (Mountain Dwarf Necromancer) Turns: 869, Time: 00:04:17

Health: 0/33       AC:  2    Str: 10    XL:     2   Next: 10%
Magic:  4/4        EV: 11    Int: 15    God:
Gold:   4          SH:  0    Dex: 10    Spells: 3/4 levels left

rFire   + . .        i - staff of fire
rCold   . . .        (no shield)
rNeg    . . .        a - +0 robe
rPois   .            (no helmet)
rElec   .            (no cloak)
rCorr   .            (no gloves)
SInv    .            (no boots)
Will    .....        (no amulet) Stlth
                     (no ring)
HPRegen 0.25/turn    (no ring)
MPRegen 0.09/turn

%: no passive effects
@: berserking, attractive, very quick
A: runic magic, artefact enchanting
a: no special abilities


You were on level 1 of the Dungeon.
You visited 1 branch of the dungeon, and saw 2 of its levels.

You collected 4 gold pieces.

Inventory:

Hand Weapons
 j - a +0 dagger
 l - a +0 trident
Armour
 a - a +0 robe (worn)
Magical Staves
 i - a staff of fire (weapon)
Jewellery
 d - a ring of see invisible
 h - a ring of ice
Scrolls
 e - a scroll of immolation {unknown}
 g - a scroll of revelation {unknown}
Potions
 b - a potion of magic
 k - a potion of invisibility {unknown}


   Skills:
 * Level 0.5 Fighting
 + Level 1.5 Dodging
 - Level 1.4 Stealth
 * Level 1.8 Spellcasting
 + Level 4.7 Necromancy


You had 3 spell levels left.
You knew the following spells:

 Your Spells              Type           Power      Damage    Failure   Level
a - Necrotise             Necr           60%        1d7       3%          1

Your spell library contained the following spells:

 Spells                   Type           Power      Damage    Failure   Level
 Vampiric Draining        Necr           15%        2d7       10%         3
 Animate Dead             Necr           15%        N/A       32%         4
 Curse of Agony           Necr           15%        N/A       67%         5


Dungeon Overview and Level Annotations

Branches:
Dungeon (2/15)

Altars:


Innate Abilities, Weirdness & Mutations

Your spellcasting is much less encumbered by armour.
You can use scrolls of enchantment on lesser artefacts.


Message History

HP restored.
You climb downwards.
There is a stone staircase leading up, spattered with blood here.
You closely miss the orc wizard.
The orc wizard hits you but does no damage.
The orc shouts!
You hit the orc wizard but do no damage.
The orc wizard hits you with a +0 dagger.
The orc wizard barely misses you.
You barely miss the orc wizard.
The orc wizard gestures at you while chanting.
The magic dart hits you!
You closely miss the orc wizard.
The orc wizard gestures at you while chanting.
You are confused.
It was a potion of attraction.
You feel attractive to monsters. The orc wizard barely misses you.
The orc wizard hits you with a +0 dagger.
In your confused state, you trip and fall back down the stairs.
The orc wizard completely misses you.
The orc wizard hits you with a +0 dagger.
* * * LOW HITPOINT WARNING * * *
You climb upwards.
There is a stone staircase leading down here.
It was a potion of berserk rage.
A red film seems to cover your vision as you go berserk!
You feel yourself moving faster!
You feel mighty!
You feel less confused.
The orc wizard points at you and mumbles some strange words.
The magic dart hits you.
* * * LOW HITPOINT WARNING * * *
You hit the orc wizard!
The orc wizard is severely wounded.
The orc wizard hits you but does no damage.
You closely miss the orc wizard.
The orc wizard is severely wounded.
The orc wizard casts a spell at you. The puff of flame hits you. You resist.
You die...

.#####...#####.......#
.##....##...##.......#
.##.#####...##.......#
..#.# ###...##.......#
#.#.# #.....##.......#
....###.#...##.......#
#.......###..........#
#.##....##.)##.o.....#
............##..@[...#
.....######..(########
.#..## ###...## .#..#
###..# ....#########
##.# ............# #.#
....######### #.#
....# #.# ....# #.#


You could see an orc wizard.

Vanquished Creatures
  An orc (D:1)
  An endoplasm (D:1)
  A hobgoblin (D:2)
  2 kobolds (D:1)
  A quokka (D:1)
  A bat (D:1)
  2 goblins (D:1)
9 creatures vanquished.

Notes
Turn   | Place    | Note
-------+----------+-------------------------------------------
     0 | D:1      | Esekla the Mountain Dwarf Necromancer began the quest for
                  | the Orb.
     0 | D:1      | Reached XP level 1. HP: 14/14 MP: 3/3
   616 | D:2      | Reached XP level 2. HP: 19/22 MP: 4/4
   869 | D:1      | Killed from afar by an orc wizard

Illustrated notes

Levels and vault maps discovered:
D:1:      scummos_arrival_simple_crosswalls, layout_rooms
D:2:      layout_basic, grunt_decor_fettered

Action                     || total
---------------------------++-------
  Melee: Staff             ||    35
         Short sword       ||     9
         Unarmed           ||     9
    Use: Potion            ||     2
   Stab: Sleeping          ||     2
 Armour: Robe              ||    34
  Dodge: Dodged            ||    27

Table legend: (Time is in decaauts)
 A = Elapsed time spent in this place.
 B = Non-inter-level travel time spent in this place.
 C = Inter-level travel time spent in this place.
 D = Time resting spent in this place.
 E = Time spent auto-exploring this place.
 F = Levels seen in this place.
 G = Mean time per level.
                   A        B        C        D        E       F      G
               +--------+--------+--------+--------+--------+-----+--------+
         Total |    876 |    839 |     37 |    261 |    155 |   2 |  438.0 |
       Dungeon |    876 |    839 |     37 |    261 |    155 |   2 |  438.0 |
               +--------+--------+--------+--------+--------+-----+--------+

Top non-repeatable levels by time:
     D:1: 785 daAuts
     D:2: 91 daAuts
